 Dungeon Crawl Stone Soup version 0.22-a0-782-g038298e (webtiles) character file.

196 melvinkitnick the Twirler (level 5, -18/38 HPs)
             Began as a Demonspawn Gladiator on July 20, 2018.
             Demolished by an ogre
             ... wielding a +0 giant club
              (25 damage)
             ... on level 4 of the Dungeon.
             The game lasted 00:03:47 (2452 turns).

melvinkitnick the Twirler (Demonspawn Gladiator)    Turns: 2452, Time: 00:03:47

Health: -18/38     AC:  8    Str: 15    XL:     5   Next: 45%
Magic:  5/5        EV: 11    Int: 10    God:
Gold:   136        SH:  0    Dex: 14    Spells: 4/4 levels left

rFire    . . .     SeeInvis .   a - +1 quarterstaff
rCold    . . .     Gourm    .   (shield currently unavailable)
rNeg     . . .     Faith    .   h - +2 ring mail {MR+}
rPois    .         Spirit   .   c - +0 helmet
rElec    .         Reflect  .   (no cloak)
rCorr    .         Harm     .   (no gloves)
MR       +....                  (no boots)
Stlth    ..........             (no amulet)
HPRegen  0.12/turn              (no ring)
MPRegen  0.09/turn              (no ring)

@: no status effects
A: hooves 2
a: no special abilities


You were on level 4 of the Dungeon.
You were not hungry.

You visited 1 branch of the dungeon, and saw 4 of its levels.

You collected 136 gold pieces.

Inventory:

Hand Weapons
 a - a +1 quarterstaff (weapon)
Missiles
 d - 3 throwing nets (quivered)
Armour
 c - a +0 helmet (worn)
 h - a +2 ring mail of magic resistance (worn)
Scrolls
 m - 5 scrolls of remove curse
Potions
 b - a potion of lignification
 e - a potion of cancellation
 g - a potion of might
 i - a potion of invisibility {unknown}
 j - 2 potions of curing {unknown}
 k - 2 potions of agility {unknown}
 l - a potion of berserk rage {unknown}
 n - a potion of degeneration {unknown}
Comestibles
 f - 8 rations


   Skills:
 - Level 2.0 Fighting
 * Level 5.7 Staves
 - Level 1.7 Throwing
 - Level 2.6 Dodging


You had 4 spell levels left.
You didn't know any spells.
Your spell library contained the following spells:

 Spells                   Type           Power        Failure   Level  Hunger
 Confuse                  Hex            #.......     92%         3    ####...
 Tukima's Dance           Hex            #.......     92%         3    ####...
 Ensorcelled Hibernation  Hex/Ice        #.....       75%         2    ###....
 Corona                   Hex            #......      58%         1    ##.....
 Dazzling Spray           Conj/Hex       #.....       92%         3    ####...


Dungeon Overview and Level Annotations

Branches:
Dungeon (4/15)
 Temple: D:4-7

Altars:
Cheibriados
Ru
Sif Muna
The Shining One


Innate Abilities, Weirdness & Mutations

You have hoof-like feet.


Message History

The howler monkey hits you.
You sock the howler monkey!
You kill the howler monkey!
An ogre comes into view. It is wielding a giant club.
The ogre shouts!
You see here a howler monkey corpse.
The ogre completely misses you.
Found a scroll labeled DAKKUPL LEWN.
You thump the ogre! You kick the ogre.
The ogre is heavily wounded.
You sock the ogre! Your kick misses the ogre.
The ogre is almost dead.
The ogre hits you with a giant club!!
Ouch! That really hurt!
* * * LOW HITPOINT WARNING * * *
You barely miss the ogre. You kick the ogre.
The ogre is almost dead.
The ogre hits you with a giant club!!
Ouch! That really hurt!
You die...

.. #.# #.#
#.# #.# #
#.###.#
#####.....#
#. #..O@..#
# #.#
.?...###†.#
###.# # ###
#....#
.##.# .#
#####.#..##
.##.##.
#.........#
.##...
#.###.###.#
.##..# #.#
#.# #.#
.##..#
##.###(#
#.# .##..#
##.#.##.#
#.#


You could see an ogre.

Vanquished Creatures
  A howler monkey (D:4)
  A hound (D:4)
  A hound skeleton (D:4)
  5 adders
  An ooze (D:1)
  3 worms
  2 dart slugs
  A leopard gecko (D:1)
  2 orcs
  3 bats
  4 giant cockroaches
  3 goblins
  4 hobgoblins
  4 jackals (D:2)
  6 kobolds
  A quokka (D:4)
  3 ball pythons
  4 frilled lizards
  6 rats
55 creatures vanquished.

Notes
Turn   | Place    | Note
-------+----------+-------------------------------------------
     0 | D:1      | melvinkitnick the Demonspawn Gladiator began the quest for the Orb.
     0 | D:1      | Reached XP level 1. HP: 16/16 MP: 1/1
    51 | D:1      | Reached skill level 3 in Staves
    98 | D:1      | Gained mutation: You have large cloven feet. [demonic ancestry]
    98 | D:1      | Reached XP level 2. HP: 13/22 MP: 2/2
  1022 | D:2      | Reached XP level 3. HP: 10/27 MP: 3/3
  1265 | D:2      | Reached skill level 4 in Staves
  1562 | D:2      | Reached XP level 4. HP: 33/33 MP: 4/4
  1811 | D:3      | Found a glowing golden altar of the Shining One.
  1874 | D:3      | Found a snail-covered altar of Cheibriados.
  1940 | D:3      | Found a deep blue altar of Sif Muna.
  1967 | D:3      | Found a sacrificial altar of Ru.
  1995 | D:3      | Reached skill level 5 in Staves
  2441 | D:4      | Gained mutation: You have hoof-like feet. [demonic ancestry]
  2441 | D:4      | Reached XP level 5. HP: 32/38 MP: 5/5
  2448 | D:4      | Noticed an ogre
  2452 | D:4      | Demolished by an ogre

Vault maps used:
D:1:      minmay_arrival_checkered_box, patterned_corridor
D:2:      small_statue_intersection
D:3:      nicolae_overflow_hidden_temple, cheibriados_altar_1,
          old_standard_altar, lemuel_doored_altar
D:4:      first_ration

Skill      XL: |  1  2  3  4 |
---------------+-------------+-----
Staves         | 3 4 5 |  5.7
Fighting       | |  2.0
Throwing       | |  1.7
Dodging        | |  2.6

Action                   |  1- 3 |  4- 6 || total
-------------------------+-------+-------++-------
Melee: Quarterstaff      |   105 |    94 ||   199
       Kick              |    14 |    20 ||    34
  Use: Scroll            |     6 |     4 ||    10
 Stab: Sleeping          |     1 |       ||     1
  Eat: Chunk             |     2 |     3 ||     5
Armor: Leather armour    |    25 |       ||    25
       Ring mail         |    25 |    41 ||    66
Dodge: Dodged            |    78 |    54 ||   132

Table legend:
 A = Spawn XP
 B = Non-spawn XP
 C = Spawn XP percentage of total XP
 D = Spawn monster count
 E = Non-spawn monster count
 F = Spawn count percentage of total count
 G = Total turns spent on level
                    A         B        C        D         E        F      G
               +---------+---------+-------+---------+---------+-------+---------
         Total |       0 |     280 |   0.0 |       0 |      55 |   0.0 |  2452
               +---------+---------+-------+---------+---------+-------+---------
           D:1 |       0 |      38 |   0.0 |       0 |      16 |   0.0 |   973
           D:2 |       0 |      79 |   0.0 |       0 |      23 |   0.0 |   821
           D:3 |       0 |      45 |   0.0 |       0 |      11 |   0.0 |   484
           D:4 |       0 |     118 |   0.0 |       0 |       5 |   0.0 |   174
               +---------+---------+-------+---------+---------+-------+---------
